 Dungeon Crawl Stone Soup version 0.26-a0-812-g31a745ddcd (webtiles) character file.

Game seed: 7704568665416061462

8052 lunkers the Frost Mage (level 11, -2/74 HPs)
             Began as an Octopode Ice Elementalist on Nov 13, 2020.
             Was a Priest of Ashenzari.
             Slain by a freezing wraith (4 damage)
             ... in an ice cave.
             The game lasted 00:26:05 (14360 turns).

lunkers the Frost Mage (Octopode Ice Elementalist) Turns: 14360, Time: 00:26:05

Health: -2/74      AC: 11    Str:  8    XL:     11   Next: 24%
Magic:  12/22      EV: 14    Int: 27    God:    Ashenzari [***...]
Gold:   0          SH:  8    Dex: 22    Spells: 14/25 levels left

rFire    + . .     SeeInvis +   q - +9 mace "Musux" {flame, Fragile Int+7 Dex+3} (curse)
rCold    + . .     Faith    .   r - +2 buckler {rC+ rF+} (curse)
rNeg     + . .     Spirit   .   (helmet restricted)
rPois    .         Reflect  .   h - amulet of the acrobat
rElec    .         Harm     .   l - +6 ring of dexterity (curse)
rCorr    .         Rampage  .   y - ring of flight
MR       .....                  E - ring of positive energy (curse)
Stlth    ++++......             (no ring)
HPRegen  0.22/turn              (no ring)
MPRegen  0.18/turn              (no ring)
                                (no ring)
                                (no ring)

@: icy armour, about to teleport, slowed, very slow
A: almost no armour, stealthy swim, amphibious, 8 rings, constrict 8, camouflage
1, gelatinous body 1
a: Curse Item, Scrying, Renounce Religion, Evoke Flight


You were in an ice cave.
You worshipped Ashenzari.
Ashenzari was most pleased with you.
You visited 2 branches of the dungeon, and saw 12 of its levels.
You also visited: Ossuary and Ice Cave.

You collected 172 gold pieces.
You spent 172 gold pieces at shops.

Inventory:

Hand Weapons
 q - the cursed +9 mace "Musux" (weapon) {flame, Fragile Int+7 Dex+3}
   (You found it on level 5 of the Dungeon)

   It has been specially enchanted to burn those struck by it, causing extra
   injury to most foes and up to half again as much damage against particularly
   susceptible opponents.
   It affects your intelligence (+7).
   It affects your dexterity (+3).
   It will be destroyed if unequipped.
   It has a curse placed upon it.
Armour
 r - a cursed +2 buckler of resistance (worn)
Jewellery
 h - an amulet of the acrobat (around mantle)
 l - a cursed +6 ring of dexterity (left tentacle)
 y - a ring of flight (right tentacle)
 E - a cursed ring of positive energy (on tentacle)
Wands
 f - a wand of iceblast (14)
 n - a wand of random effects (15)
 o - a wand of polymorph (5)
 A - a wand of flame (3)
Scrolls
 a - 3 scrolls of enchant armour
 i - 6 scrolls of teleportation
 k - a scroll of fog
 s - 2 scrolls of summoning
 t - 2 scrolls of enchant weapon
 u - a scroll of identify
Potions
 b - a potion of magic
 c - a potion of brilliance
 d - 3 potions of lignification
 g - 3 potions of invisibility
 j - 2 potions of ambrosia
 m - 5 potions of curing
 p - a potion of haste
 w - a potion of flight
 x - 3 potions of heal wounds
 z - 2 potions of mutation
 B - 2 potions of attraction
 C - a potion of resistance {unknown}
 F - a potion of cancellation {unknown}


   Skills:
 + Level 6.6 Fighting
 - Level 3.8(6.4) Maces & Flails
 - Level 2.0 Dodging
 - Level 2.6 Stealth
 - Level 4.0(5.7) Shields
 + Level 7.9 Spellcasting
 * Level 12.4 Ice Magic


You had 14 spell levels left.
You knew the following spells:

 Your Spells              Type           Power        Failure   Level
a - Freeze                Ice            ####         1%          1
b - Frozen Ramparts       Ice            ######       1%          3
c - Ozocubu's Armour      Ice            ######..     1%          3
d - Summon Ice Beast      Ice/Summ       #####...     4%          4

Your spell library contained the following spells:

 Spells                   Type           Power        Failure   Level
 Hailstorm                Conj/Ice       #####...     4%          4
 Corona                   Hex            ##.....      5%          1
 Slow                     Hex            ##......     9%          2
 Inner Flame              Hex/Fire       ##......     16%         3
 Portal Projectile        Hex/Tloc       ##....       16%         3
 Cause Fear               Hex            ##........   47%         4
 Leda's Liquefaction      Hex/Erth       ##........   47%         4


Dungeon Overview and Level Annotations

Branches:
Dungeon (11/15)            Temple (1/1) D:4         Ossuary (visited)
  IceCv (1/1)
   Lair: D:8-11         Orc: D:9-12

Altars:
Ashenzari
Cheibriados
Dithmenos
Elyvilon
Fedhas
Gozag
Hepliaklqana
Kikubaaqudgha
Makhleb
Nemelex Xobeh
Okawaru
Qazlal
Ru
Sif Muna
Trog
Uskayaw
Vehumet
Wu Jian
Xom
Yredelemnul
Zin
The Shining One

Shops:
D:5 [   D:6 =


Innate Abilities, Weirdness & Mutations

You cannot wear most types of armour.
You are very stealthy in the water. (Stealth+)
You are amphibious.
You can wear up to eight rings at the same time.
You can use your tentacles to constrict eight enemies at once.
Your skin changes colour to match your surroundings (Stealth+).
Your rubbery body absorbs attacks. (AC +1, EV +1)


Message History

Unknown command.
You hit the freezing wraith but do no damage.
You squeeze the freezing wraith!
The freezing wraith is heavily damaged.
The freezing wraith hits you.
* * * LOW HITPOINT WARNING * * *
The freezing wraith freezes you. You resist.
* * * LOW HITPOINT WARNING * * *
The freezing wraith misses you.
Your ice beast closely misses the freezing wraith.
The freezing wraith hits you but does no damage.
The freezing wraith hits you!
* * * LOW HITPOINT WARNING * * *
The freezing wraith drains your vigour!
You feel as though you will be slow longer.
As you read the scroll of teleportation, it crumbles to dust.
You feel strangely unstable.
Your ice beast hits the freezing wraith but does no damage.
You block the freezing wraith's attack. The freezing wraith hits you.
You die...

* # ###### * .##.
#####....###*##.....
*
###.....#...Y##...#
≈#...#..#####.W@.#*
** ##..#### ###.## *
,* ≈≈###{ ### ≈ .. *
,, , , ≈ ,..., *, *
, .WY. , * * ≈
...W., * , , ** ≈**
,W..... * ,, * ,, *
, ,


You could see a freezing wraith and a friendly ice beast (summoned).

Vanquished Creatures
  Erica (D:11)
  A two-headed ogre (D:8)
  Maurice (D:11)
  A troll (D:8)
  A wraith (Ossuary)
  4 yaks (D:11)
  A death yak simulacrum (IceCv)
  Duvessa (D:6)
  8 orc warriors
  5 ice beasts (IceCv)
  A black bear (D:9)
  An eye of draining (D:8)
  2 sky beasts
  4 ogres
  A centaur (D:6)
  A wyvern zombie (D:10)
  7 bullfrogs
  Dowan (D:6)
  2 scorpions
  A wyvern skeleton (D:8)
  An elephant simulacrum (IceCv)
  10 wights
  6 killer bees (D:9)
  A howler monkey (D:5)
  2 centaur zombies
  A jelly (D:7)
  2 bullfrog zombies
  2 hounds
  A human zombie (D:8)
  7 orc priests
  A gnoll shaman (D:8)
  3 centaur skeletons
  A bullfrog skeleton (D:8)
  2 iguanas
  Terence (D:2)
  17 orc wizards
  6 worker ants
  A polar bear simulacrum (IceCv)
  A killer bee zombie (D:9)
  4 gnolls (D:8)
  6 adders
  A shadow imp (D:9)
  8 white imps (D:11)
  2 oozes
  An adder zombie (D:9)
  9 worms
  4 leopard geckos
  44 orcs
  9 bats
  6 giant cockroaches
  8 goblins
  8 hobgoblins
  6 jackals
  6 kobolds (D:1)
  2 quokkas
  2 ball pythons
  A ball python skeleton (Ossuary)
  4 frilled lizards
  A giant cockroach zombie (D:5)
  3 kobold zombies (Ossuary)
  A leopard gecko zombie (D:5)
  3 orc skeletons (Ossuary)
  4 orc zombies
  9 rats
263 creatures vanquished.

Vanquished Creatures (collateral kills)
  Psyche (D:11)
  A bullfrog (D:10)
  A wight (D:10)
  A wolf simulacrum (IceCv)
  9 white imps
13 creatures vanquished.

Grand Total: 276 creatures vanquished

Notes
Turn   | Place    | Note
-------+----------+-------------------------------------------
     0 | D:1      | lunkers the Octopode Ice Elementalist began the quest for
                  | the Orb.
     0 | D:1      | Reached XP level 1. HP: 11/11 MP: 3/3
   100 | D:1      | Reached XP level 2. HP: 12/17 MP: 0/5
   559 | D:1      | Reached XP level 3. HP: 21/21 MP: 4/6
   707 | D:1      | Learned a level 3 spell: Frozen Ramparts
   711 | D:1      | Learned a level 3 spell: Ozocubu's Armour
  1288 | D:2      | Noticed Terence
  1307 | D:2      | Killed Terence
  1307 | D:2      | Reached skill level 5 in Ice Magic
  1307 | D:2      | Reached XP level 4. HP: 27/27 MP: 0/8
  2152 | D:3      | Reached XP level 5. HP: 31/31 MP: 4/9
  2209 | D:3      | Found a blossoming altar of Fedhas.
  2386 | D:3      | Noticed a moth of wrath
  2389 | D:3      | Found a bloodstained altar of Trog.
  2977 | D:3      | Reached skill level 6 in Ice Magic
  3220 | D:4      | Found a hazy altar of Hepliaklqana.
  3252 | D:4      | Found a staircase to the Ecumenical Temple.
  3270 | Temple   | Entered the Ecumenical Temple
  3453 | Temple   | Became a worshipper of Ashenzari the Shackled
  3538 | D:4      | Found an opulent altar of Gozag.
  3587 | D:4      | Reached XP level 6. HP: 29/36 MP: 5/11
  3869 | D:4      | Reached skill level 7 in Ice Magic
  3869 | D:4      | Reached XP level 7. HP: 29/41 MP: 6/13
  4324 | D:5      | Entered Level 5 of the Dungeon
  4888 | D:5      | Found a glowing golden altar of the Shining One.
  4917 | D:5      | Identified the +9 mace "Musux" {flame, Fragile Int+7 Dex+3}
  5312 | D:5      | Reached skill level 8 in Ice Magic
  5582 | D:5      | Found Ceppin's Antique Armour Shop.
  5585 | D:5      | Bought a glowing buckler for 172 gold pieces
  5735 | D:6      | Reached * piety under Ashenzari
  5758 | D:6      | Reached XP level 8. HP: 39/47 MP: 7/15
  5852 | D:6      | Reached skill level 1 in Fighting
  5852 | D:6      | Reached skill level 1 in Shields
  5852 | D:6      | Reached skill level 5 in Spellcasting
  5938 | D:6      | Found Dakal's Jewellery Shop.
  6615 | D:6      | Noticed Duvessa
  6616 | D:6      | Noticed Dowan
  6622 | D:6      | Killed Duvessa
  6622 | D:6      | Reached skill level 9 in Ice Magic
  6627 | D:6      | Killed Dowan
  6895 | D:6      | Reached XP level 9. HP: 11/55 MP: 7/17
  7903 | D:7      | Found a white marble altar of Elyvilon.
  8804 | D:8      | Learned a level 4 spell: Summon Ice Beast
  8819 | D:8      | Found an iron altar of Okawaru.
  8827 | D:8      | Found a sand-covered staircase.
  8844 | Ossuary  | Entered an ossuary
  9402 | D:8      | Reached skill level 10 in Ice Magic
  9677 | D:8      | Noticed a two-headed ogre
  9698 | D:8      | Killed a two-headed ogre
  9698 | D:8      | Reached skill level 1 in Maces & Flails
  9698 | D:8      | Reached XP level 10. HP: 65/65 MP: 14/19
  9772 | D:8      | Reached ** piety under Ashenzari
  9936 | D:8      | Reached skill level 11 in Ice Magic
 10251 | D:8      | Reached skill level 5 in Fighting
 11079 | D:9      | Found a snail-covered altar of Cheibriados.
 11783 | D:10     | Entered Level 10 of the Dungeon
 12326 | D:10     | Reached *** piety under Ashenzari
 13530 | D:11     | Noticed Erica
 13539 | D:11     | Killed Erica
 13539 | D:11     | Reached skill level 12 in Ice Magic
 13539 | D:11     | Reached XP level 11. HP: 69/72 MP: 11/22
 13561 | D:11     | Noticed Psyche
 13569 | D:11     | Killed Psyche
 13581 | D:11     | Noticed Maurice
 13600 | D:11     | Killed Maurice
 13611 | D:11     | Found a frozen archway.
 13661 | IceCv    | Entered an ice cave
 14359 | IceCv    | HP: 2/74 [freezing wraith (10)]
 14360 | IceCv    | Slain by a freezing wraith

Illustrated notes

Levels and vault maps discovered:
D:1:      dpeg_arrival_houses_and_road, layout_basic
D:2:      layout_rooms, uniq_terence
D:3:      layout_basic, fedhas_altar_3, tgw_trog
D:4:      layout_loops_cross, nicolae_gozag_cash_rules_everything_around_me,
          lemuel_crystal_altar, minmay_temple_entry_hall, grunt_decor_cap
D:5:      layout_cave_pools, lemuel_crystal_altar, serial_shops, kennysheep_mini
D:6:      layout_layer_cave, serial_shops, nicolae_shop_crystal,
          feat_on_display, uniq_duvessa
D:7:      layout_basic, elyvilon_altar_4
D:8:      layout_basic, okawaru_metal_pillars_1_2, enter_ossuary_3
D:9:      layout_small_grid, serial_glass, glass_columns_a, glass_columns_c,
          glass_columns_a, glass_columns_b, glass_columns_a, glass_columns_a,
          glass_columns_b, glass_columns_a, kennysheep_cross_room,
          cheibrodos_worm_habitat
D:10:     layout_gridville
D:11:     layout_basic, lair_entry_dummy, portal_ice_cave_entry_imps,
          uniq_maurice, uniq_psyche, uniq_erica
Temple:   regret_index_temple_sphere_string
IceCv:    ice_cave_small_necro

Skill      XL: |  1  2  3  4  5  6  7  8  9 10 |
---------------+-------------------------------+-----
Ice Magic      | 5 6 7 8 9 10 12 | 12.4
Spellcasting   | 3 4 5 6 7 |  7.9
Fighting       | 2 4 6 |  6.6
Shields        | 2 4 |  4.0
Maces & Flails | 1 3 |  3.8
Dodging        | |  2.0
Stealth        | |  2.6

Action                   |  1- 3 |  4- 6 |  7- 9 | 10-12 || total
-------------------------+-------+-------+-------+-------++-------
Melee: Whip              |     2 |     6 |       |       ||     8
       Constrict         |     1 |     1 |    12 |    18 ||    32
       Quarterstaff      |       |     1 |    13 |       ||    14
       Mace              |       |       |    59 |    98 ||   157
       Tentacles         |       |       |    16 |    23 ||    39
 Cast: Freeze            |    51 |    59 |   104 |    84 ||   298
       Frozen Ramparts   |     1 |     6 |    21 |    19 ||    47
       Ozocubu's Armour  |       |       |     7 |     8 ||    15
       Summon Ice Beast  |       |       |       |    32 ||    32
Invok: Curse Item        |       |       |     1 |     3 ||     4
Evoke: Wand              |       |       |     4 |    15 ||    19
  Use: Scroll            |       |     9 |     6 |     8 ||    23
 Stab: Sleeping          |       |       |    10 |     1 ||    11
       Distracted        |       |       |       |     2 ||     2
Armor: Skin              |     4 |     4 |     7 |    20 ||    35
Dodge: Dodged            |    29 |    41 |   101 |   102 ||   273
Block: Buckler           |       |       |    29 |    66 ||    95

Table legend: (Time is in decaauts)
 A = Elapsed time spent in this place.
 B = Non-inter-level travel time spent in this place.
 C = Inter-level travel time spent in this place.
 D = Time resting spent in this place.
 E = Time spent auto-exploring this place.
 F = Levels seen in this place.
 G = Mean time per level.
                   A        B        C        D        E       F      G
               +--------+--------+--------+--------+--------+-----+--------+
         Total |  14420 |  14028 |    392 |    483 |  11179 |  14 | 1030.0 |
       Dungeon |  12966 |  12612 |    354 |     45 |  10632 |  11 | 1178.7 |
        Temple |    207 |    169 |     38 |      0 |    134 |   1 |  207.0 |
       Ossuary |    533 |    533 |      0 |    146 |    190 |   1 |  533.0 |
      Ice Cave |    712 |    712 |      0 |    292 |    223 |   1 |  712.0 |
               +--------+--------+--------+--------+--------+-----+--------+

Top non-repeatable levels by time:
     D:6: 2027 daAuts
     D:8: 1638 daAuts
    D:10: 1475 daAuts
     D:5: 1358 daAuts
     D:1: 1227 daAuts
     D:9: 1216 daAuts
     D:3: 1087 daAuts
     D:4: 943 daAuts
     D:2: 876 daAuts
   IceCv: 712 daAuts
     D:7: 710 daAuts
 Ossuary: 533 daAuts
    D:11: 407 daAuts
  Temple: 207 daAuts
